 Dungeon Crawl Stone Soup version 0.28-a0-535-g6f645e4c1d (webtiles) character file.

Game seed: 4039654113938081948

63 Demosthentine the Poker (level 4, -2/35 HPs)
             Began as a Merfolk Gladiator on Sept 27, 2021.
             Slain by a hound (4 damage)
             ... on level 4 of the Dungeon.
             The game lasted 00:01:19 (2502 turns).

Demosthentine the Poker (Merfolk Gladiator)         Turns: 2502, Time: 00:01:19

Health: -2/35      AC:  4    Str: 15    XL:     4   Next: 10%
Magic:  4/4        EV: 13    Int:  7    God:
Gold:   734        SH:  0    Dex: 15    Spells: 3/3 levels left

rFire   . . .      SeeInvis .   a - +0 trident
rCold   . . .      Faith    .   (no shield)
rNeg    . . .      Spirit   .   b - +0 leather armour
rPois   .          Reflect  .   c - +0 helmet
rElec   .          Harm     .   (no cloak)
rCorr   .          Rampage  .   (no gloves)
Will    .....                   (no boots)
Stlth   +.........              (no amulet)
HPRegen 0.11/turn               (no ring)
MPRegen 0.09/turn               (no ring)

@: lethally poisoned (-2 -> -17)
A: (nimble swimmer 2), mertail
a: no special abilities


You were on level 4 of the Dungeon.
You visited 1 branch of the dungeon, and saw 4 of its levels.

You collected 734 gold pieces.

Inventory:

Hand Weapons
 a - a +0 trident (weapon)
Missiles
 d - 3 throwing nets (quivered)
Armour
 b - a +0 leather armour (worn)
 c - a +0 helmet (worn)
Jewellery
 h - a +4 ring of protection
 j - a ring of flight
Scrolls
 g - 5 scrolls of identify
Potions
 e - 3 potions of brilliance
 f - a potion of heal wounds


   Skills:
 + Level 3.0 Fighting
 + Level 5.2 Polearms
 - Level 2.0 Throwing
 + Level 1.1 Armour
 + Level 4.7 Dodging


You had 3 spell levels left.
You didn't know any spells.
Your spell library contained the following spells:

 Spells                   Type           Power      Damage    Failure   Level
 Beastly Appendage        Tmut           0%         N/A       50%         1
 Wereblood                Tmut           0%         N/A       65%         2
 Call Canine Familiar     Summ           0%         N/A       86%         3
 Portal Projectile        Hex/Tloc       0%         N/A       86%         3
 Spider Form              Tmut/Pois      0%         N/A       86%         3
 Leda's Liquefaction      Hex/Erth       0%         N/A       99%         4


Dungeon Overview and Level Annotations

Branches:
Dungeon (4/15)             Temple (0/1) D:4

Altars:
Hepliaklqana


Innate Abilities, Weirdness & Mutations

((You are quick and stealthy near water. (Stealth+, EV+, Speed+++)))
Your lower body shifts to a powerful aquatic tail in water.


Message History

The ball python constricts you.
The kobold throws a poisoned dart.
The poisoned dart barely misses you.
A hound skeleton comes into view.
There are monsters nearby!
You hit the ball python.
The ball python is severely wounded.
You feel sick. The ball python barely misses you.
The ball python constricts you.
You closely miss the ball python.
The ball python is severely wounded.
You feel sick. The ball python barely misses you.
The ball python constricts you.
The kobold throws a poisoned dart.
The poisoned dart hits you!
You are more poisoned.
The ball python bites you but does no damage.
The ball python constricts you.
You barely miss the ball python.
The ball python is severely wounded.
You feel very sick. The hound closely misses you.
The ball python bites you but does no damage.
The ball python constricts you.
Unknown command.
You puncture the ball python!
You kill the ball python!
You feel very sick. The hound bites you but does no damage.
The kobold throws a poisoned dart.
The poisoned dart hits you!
You are lethally poisoned!
The hound bites you.
Unknown command.
* * * LOW HITPOINT WARNING * * *
You feel very sick.
Unknown command.
* * * LOW HITPOINT WARNING * * *
You feel very sick. The hound bites you.
* * * LOW HITPOINT WARNING * * *
The hound bites you.
You die...

...............
................
#..................... #
#...........>.......#..#
...................#....
........................
..............K.....⌠)..
...............h##.....#
...............Z@.⌠.>.⌠.
............$...........
....................⌠...
#.......#####..........#
.....##...........###.##
...####.......##...# #
.### #......###...# ..#
#.....# #..$# ..#
##.##.. ##


You could see a hound, a kobold and a hound skeleton.

Vanquished Creatures
  An adder (D:3)
  3 dart slugs
  6 endoplasms
  A giant cockroach (D:2)
  A goblin (D:2)
  7 hobgoblins
  3 jackals (D:2)
  4 kobolds
  A quokka (D:1)
  8 ball pythons
  5 bats
  3 rats
43 creatures vanquished.

Vanquished Creatures (others)
  3 plants
3 creatures vanquished.

Grand Total: 46 creatures vanquished

Notes
Turn   | Place    | Note
-------+----------+-------------------------------------------
     0 | D:1      | Demosthentine the Merfolk Gladiator began the quest for the
                  | Orb.
     0 | D:1      | Reached XP level 1. HP: 16/16 MP: 1/1
   401 | D:1      | Reached XP level 2. HP: 23/23 MP: 2/2
   851 | D:1      | Found a faded altar of an unknown god.
  1153 | D:2      | Reached XP level 3. HP: 16/28 MP: 3/3
  1549 | D:2      | Reached skill level 5 in Polearms
  1606 | D:2      | Reached skill level 1 in Armour
  2164 | D:3      | Found a hazy altar of Hepliaklqana.
  2174 | D:3      | Reached XP level 4. HP: 34/34 MP: 4/4
  2415 | D:3      | Identified a scroll of acquirement
  2415 | D:3      | Acquired 584 gold pieces
  2493 | D:4      | Found a staircase to the Ecumenical Temple.
  2502 | D:4      | Slain by a hound

Illustrated notes

Levels and vault maps discovered:
D:1:      dpeg_arrival_long_road, layout_loops_ring, basic_ecumenical_altar,
          st_stairs_12, minmay_splitting_lines, minmay_misc_feat_rows,
          minmay_misc_feat_more_columns, minmay_octomino_j4
D:2:      layout_rooms, serial_forest, infiniplex_forest_lined_room_,
          infiniplex_forest_lined_ring, infiniplex_forest_clump_large,
          infiniplex_forest_end_2, infiniplex_forest_lined_room_,
          infiniplex_forest_lined_corner, infiniplex_forest_clump_curved,
          infiniplex_forest_straight_4, infiniplex_forest_clump_medium
D:3:      layout_basic, nicolae_hepliaklqana_hazy_memory
D:4:      layout_cave_pools, mainiacjoe_overflow_surrounded_room,
          temple_fountains, minmay_joined_circles

Skill      XL: |  1  2  3  4 |
---------------+-------------+-----
Polearms       | 5 |  5.2
Armour         | 1 |  1.1
Fighting       | 3 |  3.0
Throwing       | |  2.0
Dodging        | |  4.7

Action                   |  1- 3 |  4- 6 || total
-------------------------+-------+-------++-------
Melee: Trident           |   100 |    10 ||   110
  Use: Scroll            |     4 |     2 ||     6
 Stab: Sleeping          |       |     1 ||     1
Armor: Leather armour    |    16 |     3 ||    19
Dodge: Dodged            |    48 |     6 ||    54

Table legend: (Time is in decaauts)
 A = Elapsed time spent in this place.
 B = Non-inter-level travel time spent in this place.
 C = Inter-level travel time spent in this place.
 D = Time resting spent in this place.
 E = Time spent auto-exploring this place.
 F = Levels seen in this place.
 G = Mean time per level.
                   A        B        C        D        E       F      G
               +--------+--------+--------+--------+--------+-----+--------+
         Total |   2507 |   2411 |     96 |      0 |   2134 |   4 |  626.8 |
       Dungeon |   2507 |   2411 |     96 |      0 |   2134 |   4 |  626.8 |
               +--------+--------+--------+--------+--------+-----+--------+

Top non-repeatable levels by time:
     D:1: 1146 daAuts
     D:2: 703 daAuts
     D:3: 626 daAuts
     D:4: 32 daAuts
